 Dungeon Crawl Stone Soup version 0.26.1-2-gb8aa6d0cf2 (webtiles) character file.

Game seed: 6281096019704215449

610 Ladykiller69 the Chopper (level 7, 0/61 HPs)
             Began as a Minotaur Gladiator on Mar 18, 2021.
             Was a Follower of Wu Jian.
             Slain by a two-headed ogre
             ... wielding a +0 giant club
              (21 damage)
             ... on level 6 of the Dungeon.
             The game lasted 00:05:31 (4343 turns).

Ladykiller69 the Chopper (Minotaur Gladiator)       Turns: 4343, Time: 00:05:32

Health: 0/61       AC: 10    Str: 20    XL:     7   Next: 20%
Magic:  6/6        EV:  7    Int:  5    God:    Wu Jian [*.....]
Gold:   368        SH:  0    Dex: 12    Spells: 6/6 levels left

rFire    . . .     SeeInvis .   a - +1 war axe
rCold    . . .     Faith    .   (no shield)
rNeg     . . .     Spirit   .   C - +0 plate armour
rPois    .         Reflect  .   c - +0 hat
rElec    .         Harm     .   (no cloak)
rCorr    .         Rampage  .   (no gloves)
Will     .....                  (no boots)
Stlth    ..........             (no amulet)
HPRegen  0.20/turn              (no ring)
MPRegen  0.10/turn              (no ring)

@: about to teleport
A: retaliatory headbutt, horns 2
a: Renounce Religion


You were on level 6 of the Dungeon.
You worshipped Wu Jian.
Wu Jian was aware of your devotion.
You visited 1 branch of the dungeon, and saw 6 of its levels.

You collected 368 gold pieces.

Inventory:

Hand Weapons
 a - a +1 war axe (weapon)
Missiles
 d - 3 throwing nets
 f - 4 javelins
 m - 34 poisoned darts (quivered)
Armour
 c - a +0 hat (worn)
 C - a +0 plate armour (worn)
Jewellery
 e - an uncursed ring of willpower {unknown}
 n - an uncursed amulet of faith {unknown}
 u - a +4 ring of evasion {unknown}
Wands
 s - a wand of random effects (12)
Scrolls
 g - a scroll of fog
 h - 5 scrolls of remove curse
 j - a scroll of teleportation
 k - a scroll of immolation {unknown}
 o - a scroll of identify
 r - a scroll of magic mapping {unknown}
 v - 2 scrolls of enchant weapon
 x - a scroll of blinking {unknown}
 y - 2 scrolls of random uselessness
 A - a scroll of amnesia {unknown}
Potions
 i - 4 potions of lignification
 l - a potion of might
 p - a potion of flight {unknown}
 q - a potion of degeneration
 t - a potion of resistance {unknown}
 w - 3 potions of curing {unknown}
 z - a potion of attraction {unknown}
 B - 2 potions of magic


   Skills:
 + Level 5.1 Fighting
 * Level 7.6 Axes
 - Level 2.0 Throwing
 + Level 5.3 Dodging


You had 6 spell levels left.
You didn't know any spells.
Your spell library contained the following spells:

 Spells                   Type           Power        Failure   Level
 Magic Dart               Conj           0%           100%        1
 Searing Ray              Conj           0%           100%        2
 Dazzling Flash           Conj/Hex       0%           100%        3
 Fulminant Prism          Conj/Hex       0%           100%        4
 Iskenderun's Mystic Bla  Conj/Tloc      0%           100%        4


Dungeon Overview and Level Annotations

Branches:
Dungeon (6/15)
 Temple: D:4-7

Altars:
Cheibriados
Dithmenos
Nemelex Xobeh
Qazlal
Sif Muna
Wu Jian
Xom

Annotations:
D:6 Eustachio, Menkaure, Prince Ribbit


Innate Abilities, Weirdness & Mutations

You reflexively headbutt those who attack you in melee.
You have a pair of horns on your head.


Message History

j - 2 scrolls of teleportation The ufetubus hits you.
The ufetubus completely misses you. The hound bites you but does no damage.
The bullfrog hits you but does no damage.
The worker ant closely misses you.
The ufetubus hits you but does no damage.
The ufetubus hits you.
A shadow imp comes into view.
The yak gores you!
As you read the scroll of teleportation, it crumbles to dust.
You feel strangely unstable.
The bullfrog hits you but does no damage.
The hound bites you but does no damage. The worker ant bites you.
The ufetubus hits you but does no damage. x2
Menkaure hits you!
The bullfrog hits you but does no damage.
The hound bites you but does no damage.
The two-headed ogre hits you but does no damage.
The two-headed ogre hits you with a +0 giant club!!
You die...

.... .^.. ..
....# ..#. #..
#..#.#...# #...
#.#...#.. #...#
h ............
#....#..§#..5#
#..#§#.J§#$#
#.#.hB#Fh.#...
#...§M@5hF.....
#....#YhO#...#..
#.. #§#c§S#!#...
# #...#...#...#
..............
....#...#...#..
#... (#...#.#..S
#..# . .. #...


You could see a two-headed ogre, a yak, Menkaure, a bullfrog, a centaur, 2
howler monkeys, 2 hounds, a worker ant, an ooze, an adder and an ufetubus.

Vanquished Creatures
  An ogre (D:4)
  A water moccasin skeleton (D:5)
  A scorpion (D:5)
  2 jellies (D:5)
  A bullfrog skeleton (D:4)
  An orc priest (D:3)
  An iguana (D:3)
  2 worker ants
  A hound skeleton (D:5)
  4 gnolls (D:5)
  6 adders
  A white imp (D:5)
  An ufetubus (D:5)
  2 adder skeletons (D:5)
  4 worms
  2 dart slugs
  3 leopard geckos
  12 orcs
  4 ball pythons
  2 giant cockroaches
  10 hobgoblins
  3 jackals (D:2)
  6 kobolds
  3 quokkas
  7 bats
  8 frilled lizards
  4 goblins
  A jackal skeleton (D:4)
  A leopard gecko skeleton (D:4)
  A quokka skeleton (D:4)
  9 rats
105 creatures vanquished.

Notes
Turn   | Place    | Note
-------+----------+-------------------------------------------
     0 | D:1      | Ladykiller69 the Minotaur Gladiator began the quest for the
                  | Orb.
     0 | D:1      | Reached XP level 1. HP: 18/18 MP: 0/0
   122 | D:1      | Reached skill level 4 in Axes
   171 | D:1      | Reached XP level 2. HP: 25/25 MP: 1/1
   669 | D:2      | Reached XP level 3. HP: 31/31 MP: 2/2
  1330 | D:2      | Reached skill level 5 in Axes
  1523 | D:3      | Reached XP level 4. HP: 38/38 MP: 3/3
  2189 | D:3      | Found a shimmering altar of Xom.
  2216 | D:3      | Reached XP level 5. HP: 45/46 MP: 4/4
  2439 | D:4      | Noticed an ogre
  2479 | D:4      | Killed an ogre
  2480 | D:4      | Reached skill level 6 in Axes
  2480 | D:4      | Reached XP level 6. HP: 37/52 MP: 5/5
  2664 | D:4      | Found a shimmering blue altar of Sif Muna.
  2664 | D:4      | Found a stormy altar of Qazlal.
  2672 | D:4      | Found a sparkling altar of Nemelex Xobeh.
  2674 | D:4      | Found an ornate altar of the Wu Jian Council.
  2676 | D:4      | Found a snail-covered altar of Cheibriados.
  2680 | D:4      | Became a worshipper of the Wu Jian Council
  2835 | D:4      | Found a shadowy altar of Dithmenos.
  3124 | D:5      | Entered Level 5 of the Dungeon
  3145 | D:5      | Reached skill level 5 in Dodging
  3152 | D:5      | Reached skill level 7 in Axes
  3468 | D:5      | Reached * piety under Wu Jian
  3864 | D:5      | Found a shadowy altar of Dithmenos.
  3914 | D:5      | Reached XP level 7. HP: 47/60 MP: 6/6
  4191 | D:5      | Reached skill level 5 in Fighting
  4336 | D:6      | Noticed a yak
  4336 | D:6      | Noticed a two-headed ogre
  4336 | D:6      | Noticed Eustachio
  4338 | D:6      | Noticed Menkaure
  4339 | D:6      | Noticed Prince Ribbit
  4343 | D:6      | Slain by a two-headed ogre

Illustrated notes

Levels and vault maps discovered:
D:1:      dpeg_arrival_erosion, layout_rooms, minivault_14, minmay_pentomino_p4
D:2:      layout_rooms
D:3:      layout_rooms, lemuel_round_altar
D:4:      layout_cave_pools, chequers_temple_overflow_minitemple, serial_park,
          serial_park_square1 [serial_park_minivault_5x5_4],
          serial_park_square2, nicolae_dithmenos_shadow_blocks
D:5:      layout_rooms, nicolae_overflow_crystal_walls
D:6:      cheibrodos_fzero, layout_basic, minmay_temple_entry_trees,
          serial_shops, nicolae_shop_statue_plus, uniq_prince_ribbit1,
          uniq_pikel, uniq_eustachio, uniq_menkaure, uniq_blork_the_orc

Skill      XL: |  1  2  3  4  5  6  7 |
---------------+----------------------+-----
Axes           | 4 5 6 7 |  7.6
Fighting       | 3 4 5 |  5.1
Dodging        | 4 5 |  5.3
Throwing       | |  2.0

Action                   |  1- 3 |  4- 6 |  7- 9 || total
-------------------------+-------+-------+-------++-------
Melee: War axe           |    82 |   115 |    16 ||   213
       Headbutt          |    11 |    20 |     1 ||    32
Throw: Dart              |       |     6 |       ||     6
Invok: Lunge             |       |     8 |     1 ||     9
  Use: Potion            |       |     6 |       ||     6
       Scroll            |       |       |     6 ||     6
Armor: Leather armour    |    21 |    16 |     5 ||    42
       Plate armour      |       |       |    25 ||    25
Dodge: Dodged            |    61 |    76 |    20 ||   157
